 Dungeon Sprint DCSS version 0.31-a0-931-g7b59d4eb97 (webtiles) character file.

Game seed: 6394414062424500313

1758 dialectric the Imperceptible (level 8, -4/43 HPs)
             Began as a Spriggan Brigand on Oct 20, 2023.
             Was an Initiate of Dithmenos.
             Slain by a boulder beetle (47 damage)
             ... in the Dungeon (Sprint II: "The Violet Keep of Menkaure").
             The game lasted 00:02:32 (332 turns).

dialectric the Imperceptible (Spriggan Brigand)      Turns: 332, Time: 00:02:33

Health: -4/43      AC:  3    Str:  7    XL:     8   Next: 79%
Magic:  9/9        EV: 19    Int: 12    God:    Dithmenos [......]
Gold:   883        SH:  0    Dex: 19    Spells: 7/7 levels left

rFire   . . .        a - +2 dagger
rCold   . . .        (no shield)
rNeg    . . .        b - +0 robe
rPois   .            (helmet restricted)
rElec   .            c - +0 cloak
rCorr   .            (gloves unavailable)
SInv    +            (boots unavailable)
Will    +....        (no amulet)
Stlth   +++++++++    (no ring)
HPRegen 0.27/turn    (no ring)
MPRegen 0.11/turn

%: no teleportation
@: very quick
A: very small, no large weapons, unfitting armour, see invisible, speed 3
a: Renounce Religion


You were in the Dungeon.
You worshipped Dithmenos.
Dithmenos was noncommittal.
You visited 1 branch You collected 883 gold pieces.

Inventory:

Hand Weapons
 a - a +2 dagger (weapon)
Missiles
 d - 4 poisoned darts (quivered)
 e - a curare-tipped dart
Armour
 b - a +0 robe (worn)
 c - a +0 cloak (worn)
Scrolls
 f - 2 scrolls of immolation {unknown}
 j - 2 scrolls of fear {unknown}
 k - 3 scrolls of blinking
 n - 5 scrolls of enchant weapon {unknown}
 o - 2 scrolls of enchant armour {unknown}
 q - a scroll of revelation {unknown}
 r - 2 scrolls of identify {unknown}
Potions
 g - a potion of attraction {unknown}
 h - 4 potions of haste
 i - 6 potions of magic
 l - 2 potions of heal wounds
 m - a potion of invisibility {unknown}
 p - 3 potions of enlightenment {unknown}
 s - 3 potions of resistance {unknown}
 t - a potion of berserk rage
 u - a potion of curing


   Skills:
 + Level 5.3 Fighting
 + Level 6.8 Short Blades
 + Level 7.9 Throwing
 + Level 4.6 Dodging
 + Level 23.5 Stealth


You had 7 spell levels left.
You didn't know any spells.
Your spell library was empty.

Dungeon Overview and Level Annotations

Branches:
Dungeon (1/1)

Altars:
Cheibriados
Dithmenos
Elyvilon
Fedhas
Gozag
Hepliaklqana
Kikubaaqudgha
Makhleb
Nemelex Xobeh
Okawaru
Qazlal
Ru
Sif Muna
Trog
Uskayaw
Vehumet
Wu Jian
Xom
Yredelemnul
Zin
The Shining One
Jiyva
Lugonu

Shops:
D ![?==[:!(*(([(

Annotations:
D exclusion: orange crystal statue, Roxanne


Innate Abilities, Weirdness & Mutations

You are very small and have problems with some larger weapons.
You are too small for most types of armour.
You have supernaturally acute eyesight. (SInv)
You cover ground extremely quickly. (Speed+++)


Message History

The boulder beetle is lightly wounded.
Throw: 7 darts (poison)
Press: ? - help, Q - select action Shift-Dir - straight line, f/p - boulder beetle
Aim: a boulder beetle (lightly wounded, very poisoned, slow, 90% to hit)
You throw a poisoned dart.
The poisoned dart hits the boulder beetle!
The boulder beetle looks as sick as possible!
The boulder beetle is lightly wounded.
The boulder beetle curls into a ball and begins rolling!
Unknown command.
Throw: 6 darts (poison)
Press: ? - help, Q - select action Shift-Dir - straight line, f/p - boulder beetle
Aim: a boulder beetle (lightly wounded, rolling, extremely poisoned, slow, 90% to hit)
You throw a poisoned dart.
The poisoned dart hits the boulder beetle!
The boulder beetle looks as sick as possible!
The boulder beetle is lightly wounded.
Throw: 5 darts (poison)
Press: ? - help, Q - select action Shift-Dir - straight line, f/p - boulder beetle
Aim: a boulder beetle (moderately wounded, rolling, extremely poisoned, slow, 90% to hit)
You throw a poisoned dart.
The poisoned dart hits the boulder beetle.
The boulder beetle looks as sick as possible!
The boulder beetle is moderately wounded.
Unknown command.
Unknown command.
The boulder beetle is no longer moving slowly.
You see here a +0 robe.
The boulder beetle closely misses you.
The boulder beetle stops rolling and uncurls.
You see here a +0 mace.
You see here a +0 ring mail.
The boulder beetle curls into a ball and begins rolling!
You see here a +0 dagger.
Things that are here:
a poisoned dart; a curare-tipped dart; a +0 scale mail
e - a curare-tipped dart The boulder beetle hits you!!!
Ouch! That really hurt!
You die...

#°°▓▓▓▓▓▓▓▓▓▓▓
#[}▓...[....▓▓
#=}▓.).....)▓▓
+.####"[▓)...[([.▓▓
...####▓.)......▓▓ #..#
#▓).%([.).▓▓ +..#
#▓[°[)...)▓▓ #^.#
#▓.)°.))((▓▓
###..####▓.([°○B@.▓▓
.###...##▓▓▓▓▓▓▓'▓▓▓▓+▓
.§.~~~~~~~~~~~~~...X≈≈▓
...~#'########+###.≈≈≈▓
§..~#....._._#~§§##≈≈≈▓
~~.~#...._._.#~§§≈####▓
§~~~#..._._._#~§§§≈#
≈~~§#.._._._.#~§§§§§
≈≈≈~#._._._._#§~~~§§


You could see a kraken and a boulder beetle (rolling, extremely poisoned).

Vanquished Creatures
  A boulder beetle (D)
  A merfolk siren (D)
  A blink frog (D)
  2 wyverns (D)
  2 water moccasins (D)
  4 necrophages (D)
11 creatures vanquished.

Vanquished Creatures (others)
  Menkaure (D)
1 creature vanquished.

Grand Total: 12 creatures vanquished

Notes
Turn   | Place    | Note
-------+----------+-------------------------------------------
     0 | D        | dialectric the Spriggan Brigand began the quest for the
                  | Orb.
     0 | D        | Reached XP level 1. HP: 10/10 MP: 2/2
     1 | D        | Noticed a merfolk siren
     7 | D        | Killed a merfolk siren
     8 | D        | Reached skill level 5 in Throwing
     8 | D        | Reached skill level 16 in Stealth
     8 | D        | Reached XP level 2. HP: 16/16 MP: 3/3
     8 | D        | Reached XP level 3. HP: 20/20 MP: 4/4
     8 | D        | Reached XP level 4. HP: 24/24 MP: 5/5
     8 | D        | Reached XP level 5. HP: 28/28 MP: 6/6
     8 | D        | Reached XP level 6. HP: 32/32 MP: 7/7
    17 | D        | Reached skill level 17 in Stealth
    18 | D        | Reached skill level 18 in Stealth
    20 | D        | Noticed Roxanne
    24 | D        | Reached skill level 5 in Short Blades
    26 | D        | Noticed a water moccasin
    41 | D        | Found Biagis's Antique Weapon Shop.
    42 | D        | Found Veatit's Antique Weapon Boutique.
    42 | D        | Found Miatetie's Assorted Antiques.
    42 | D        | Found Moden's Book Boutique.
    42 | D        | Found Jamour's Armour Shop.
    42 | D        | Found Qymol's Antique Weapon Shop.
    42 | D        | Found Xokiskev's Jewellery Boutique.
    44 | D        | Found Ehileekh's Jewellery Boutique.
    44 | D        | Found Meor's Magic Scroll Shop.
    44 | D        | Found Miqa's Antique Armour Boutique.
    44 | D        | Found Tajuib's Antique Weapon Shop.
    45 | D        | Found Piky's Antique Armour Boutique.
    45 | D        | Found Iqoamp's Distillery.
    45 | D        | Found Peshruq's Distillery.
    48 | D        | Noticed a water moccasin
    49 | D        | Noticed a blink frog
    51 | D        | Killed a blink frog
    52 | D        | Reached skill level 20 in Stealth
    52 | D        | Reached XP level 7. HP: 37/37 MP: 8/8
    72 | D        | Noticed an orange crystal statue
    72 | D        | Noticed a wyvern
    73 | D        | Noticed a wyvern
    75 | D        | Killed a wyvern
    76 | D        | Reached skill level 21 in Stealth
    91 | D        | Killed Menkaure
   118 | D        | Reached XP level 8. HP: 36/42 MP: 9/9
   122 | D        | Reached skill level 22 in Stealth
   124 | D        | Noticed a boulder beetle
   125 | D        | Noticed a boulder beetle
   158 | D        | Found a snail-covered altar of Cheibriados.
   159 | D        | Found a shadowy altar of Dithmenos.
   159 | D        | Found a viscous altar of Jiyva.
   160 | D        | Found a white marble altar of Elyvilon.
   160 | D        | Found an ancient bone altar of Kikubaaqudgha.
   161 | D        | Found a blossoming altar of Fedhas.
   161 | D        | Found a corrupted altar of Lugonu.
   161 | D        | Found a shimmering blue altar of Sif Muna.
   162 | D        | Found an opulent altar of Gozag.
   162 | D        | Found a burning altar of Makhleb.
   162 | D        | Found a bloodstained altar of Trog.
   163 | D        | Found a sparkling altar of Nemelex Xobeh.
   163 | D        | Found a hide-covered altar of Uskayaw.
   164 | D        | Found a basalt altar of Yredelemnul.
   165 | D        | Found an iron altar of Okawaru.
   165 | D        | Found a radiant altar of Vehumet.
   165 | D        | Found a glowing silver altar of Zin.
   165 | D        | Found a hazy altar of Hepliaklqana.
   165 | D        | Found a sacrificial altar of Ru.
   165 | D        | Found a shimmering altar of Xom.
   166 | D        | Found a stormy altar of Qazlal.
   166 | D        | Found an ornate altar of the Wu Jian Council.
   166 | D        | Found a glowing golden altar of the Shining One.
   181 | D        | Became a worshipper of Dithmenos the Shadowed
   181 | D        | Killed a boulder beetle
   182 | D        | Reached skill level 5 in Fighting
   182 | D        | Reached skill level 23 in Stealth
   207 | D        | Noticed a kraken
   332 | D        | Slain by a boulder beetle

Illustrated notes

Levels and vault maps discovered:
D:        the_violet_keep_of_menkaure [sprint2_stairs_cluster_1,
          sprint2_shoproom, sprint2_temple, sprint2_basic_supplies,
          sprint2_obstacle_4, sprint2_obstacle_7, sprint2_obstacle_6,
          sprint2_obstacle_1, sprint2_obstacle_3, sprint2_timed_cluster_1,
          sprint2_smallroom_cluster_1, sprint2_smallroom_final_cluster_1,
          sprint2_transparent_cluster_1, sprint2_second_timed_cluster_1,
          sprint2_sniper_area_1, sprint2_heavy_combat_area_1,
          sprint2_mutation_trap_area_1, sprint2_forest_area_1,
          sprint2_light_combat_area_1, sprint2_behind_water_1,
          sprint2_near_end_vault_1]

Skill      XL: |  1  2  3  4  5  6  7  8 |
---------------+-------------------------+-----
Fighting       | 3 4 5 |  5.3
Short Blades   | 4 5 6 |  6.8
Throwing       | 5 6 7 |  7.9
Dodging        | 2 3 4 |  4.6
Stealth        | 16 20 21 23 | 23.5

Action                     |  1- 3 |  4- 6 |  7- 9 || total
---------------------------+-------+-------+-------++-------
  Melee: Dagger            |       |     5 |    34 ||    39
  Throw: Dart              |     5 |       |    18 ||    23
    Use: Potion            |       |       |     3 ||     3
   Stab: Sleeping          |       |     4 |     2 ||     6
 Armour: Robe              |       |       |    14 ||    14
  Dodge: Dodged            |       |     3 |    31 ||    34

Table legend: (Time is in decaauts)
 A = Elapsed time spent in this place.
 B = Non-inter-level travel time spent in this place.
 C = Inter-level travel time spent in this place.
 D = Time resting spent in this place.
 E = Time spent auto-exploring this place.
 F = Levels seen in this place.
 G = Mean time per level.
                   A        B        C        D        E       F      G
               +--------+--------+--------+--------+--------+-----+--------+
         Total |    258 |    258 |      0 |      4 |      0 |   1 |  258.0 |
       Dungeon |    258 |    258 |      0 |      4 |      0 |   1 |  258.0 |
               +--------+--------+--------+--------+--------+-----+--------+

Top non-repeatable levels by time:
       D: 258 daAuts
